AoeStats
← papatheocari

Arabia

510230628Analyzed
1v1 RM · 2d ago on Sep 30, 2026· 50m 0s· 2 players
Game mode
Random Map
Map size
Tiny (2 player)
Population
200
Speed
Normal
Resources
Standard
Victory
Conquest
Starting age
Dark Age
Ending age
Imperial Age
RankedLock teamsTeams togetherTeam positionsShared explorationLock speedFull tech treeHidden civsTurbo modeCheats
Victory
Defeat
🇨🇱 Mongols · Chile
1132
+15
🇧🇪 Ethiopians · Belgium
1112
-15
papatheocari
4:17 Loom
11:29 Feudal Age
23:32 Double-Bit Axe
27:05 Castle Age
26:13 Forging
27:20 Scale Barding Armor
29:12 Iron Casting
33:14 Horse Collar
43:31 Imperial Age
42:59 Scale Mail Armor
43:36 Heavy Camel Rider
Shalvi!< 133
6:22 Loom
8:26 Feudal Age
9:42 Double-Bit Axe
16:15 Horse Collar
20:11 Castle Age
18:47 Gold Mining
18:58 Fletching
19:09 Padded Archer Armor
23:38 Bow Saw
23:49 Bloodlines
23:40 Husbandry
25:02 Town Watch
25:55 Wheelbarrow
26:04 Elite Skirmisher
28:24 Forging
28:20 Scale Barding Armor
30:03 Heavy Plow
33:48 Iron Casting
35:20 Stone Mining
39:22 Hand Cart
43:56 Imperial Age
42:35 Bodkin Arrow
45:44 Chemistry
45:04 Ballistics
44:47 Bracer
46:22 Blast Furnace
46:13 Conscription
46:18 Heavy Camel Rider
46:41 Pikeman
48:58 Masonry
49:12 Chain Barding Armor
51:09 Gold Shaft Mining
Connection lost

Rejoining the realm…

Still unreachable

The connection could not be restored.

Session expired

The server has moved on; the page needs a fresh start.